 Zot Defence DCSS version 0.16-a0-331-g39fd2ee (webtiles) character file.

767 PolkaDot the Grappler (level 7, 60/66 HPs)
             Began as a Troll Berserker on Sept 6, 2014.
             Was a Priest of Trog.
             Quit the game in the Realm of Zot (Scenario I: Hall of Zot).
             The game lasted 00:08:38 (816 turns).

PolkaDot the Grappler (Troll Berserker)              Turns: 816, Time: 00:08:38

HP  60/66        AC  5     Str 26      XL: 7   Next: 52%
MP   3/3         EV 10     Int  3      God: Trog [***...]
Gold 0           SH  0     Dex 11      Spells:  0 memorised,  6 levels left

rFire  . . .     SeeInvis .       - Unarmed
rCold  . . .     Clarity  .     b - +0 animal skin
rNeg   . . .     rCorr    .     (shield restricted)
rPois  .         rRot     .     (helmet restricted)
rElec  .         Spirit   .     (no cloak)
SustAb .         Warding  .     (gloves unavailable)
rMut   .         Stasis   .     (boots unavailable)
Gourm  +                        (no amulet)
MR     .....                    (no ring)
                                (no ring)

@: not resistant to hostile enchantments, very unstealthy
A: unfitting armour, claws 3, fast metabolism 3, gourmand, regeneration 2,
saprovore 2, shaggy fur 1, tough skin 2
a: Make oklob sapling, Make arrow trap, Make plant, Remove Curse, Make burning
bush, Make altar, Make grenades, Make oklob plant, Burn Spellbooks, Berserk,
Trog's Hand, Renounce Religion


You were in the Realm of Zot.
You worshipped Trog.
Trog was most pleased with you.
You were not hungry.

You visited 1 branch

Inventory:

Armour
 b - a +0 animal skin (worn)
Comestibles
 c - 2 meat rations
Scrolls
 h - a scroll of blinking
Potions
 a - 3 potions of curing
 d - a potion of heal wounds
 e - a potion of haste
 f - 2 potions of magic
 g - a potion of berserk rage


   Skills:
 - Level 2.4 Fighting
 - Level 2.6 Dodging
 + Level 9.0 Unarmed Combat


You had 6 spell levels left.
You didn't know any spells.

Dungeon Overview and Level Annotations

Branches:
    Zot (1/1)

Altars:


Innate Abilities, Weirdness & Mutations

You are too large for most types of armour.
You have claws for hands.
Your metabolism is lightning-fast.
You like to eat raw meat.
You heal very quickly.
You can eat rotten meat.
You are covered in fur (AC +1).
You have very tough skin (AC +2).


Message History

The tomahawk hits you but does no damage.
The orc throws a tomahawk.
The tomahawk hits you but does no damage.
Items here: %% ((( ))))))))) [ The orc throws a tomahawk.
The tomahawk closely misses you.
The tomahawk hits the goblin.
Items here: ((( 0 a tomahawk; 6 poisoned needles; 6 stones; the Orb of Zot The orc throws a tomahawk.
The tomahawk hits you.
You barely miss the goblin.
The goblin is moderately wounded.
The goblin hits you but does no damage.
You claw the goblin!
You kill the goblin!
Trog accepts your kill.
You claw the goblin!
You kill the goblin!
Trog accepts your kill.
A jackal comes into view.
Are you sure you want to abandon this character and quit the game? (Confirm with "yes".)

######### ######### ....####
####.... .......### ###.......
.........## ##.........
..........# ▓▓▓▓▓▓▓▓▓ #..........
..........▓▓▓.......▓▓▓..........
..........▓▓.........▓▓..........
..........▓...........▓..........
...........h.).o@)(.(((..........
..........▓......%....▓..........
..........▓▓.........▓▓..........
..........▓▓▓.......▓▓▓..........
..........▓ ▓▓▓▓▓▓▓▓▓ ▓..........
.........▓▓ ▓▓.........
.......▓▓▓ ▓▓▓....... ....▓▓▓▓
▓▓▓▓.... ▓▓▓▓▓▓▓▓ ▓▓▓▓▓▓▓▓


You could see an orc and a jackal.

Vanquished Creatures
  A sky beast (Zot)
  Purgy (Zot)
  A goliath beetle (Zot)
  A hound (Zot)
  Terence (Zot)
  2 worms (Zot)
  2 giant geckos (Zot)
  7 oozes (Zot)
  An orc (Zot)
  8 bats (Zot)
  2 giant cockroaches (Zot)
  A hobgoblin (Zot)
  18 jackals (Zot)
  3 ball pythons (Zot)
  A giant newt (Zot)
  14 goblins (Zot)
  5 kobolds (Zot)
  3 rats (Zot)
72 creatures vanquished.

Vanquished Creatures (others)
  A goblin (Zot)
1 creature vanquished.

Grand Total: 73 creatures vanquished

Notes
Turn   | Place    | Note
--------------------------------------------------------------
     0 | Zot      | PolkaDot, the Troll Berserker, began the quest for the Orb.
     0 | Zot      | Reached XP level 1. HP: 22/22 MP: 1/1
   209 | Zot      | Reached XP level 2. HP: 27/29 MP: 1/1
   314 | Zot      | Reached skill level 4 in Unarmed Combat
   329 | Zot      | Reached XP level 3. HP: 36/36 MP: 2/2
   356 | Zot      | Acquired Trog's second power
   442 | Zot      | Noticed Baodwoagh
   461 | Zot      | Killed Baodwoagh the sky beast
   461 | Zot      | Reached skill level 7 in Unarmed Combat
   461 | Zot      | Reached XP level 4. HP: 44/44 MP: 2/2
   461 | Zot      | Reached XP level 5. HP: 50/50 MP: 2/2
   461 | Zot      | Reached XP level 6. HP: 59/59 MP: 3/3
   641 | Zot      | Noticed Terence
   648 | Zot      | Killed Terence
   690 | Zot      | Reached skill level 8 in Unarmed Combat
   690 | Zot      | Reached XP level 7. HP: 66/66 MP: 3/3
   731 | Zot      | Noticed Purgy
   740 | Zot      | Killed Purgy
   740 | Zot      | Reached skill level 9 in Unarmed Combat
   816 | Zot      | Quit the game

Action                   |  1- 3 |  4- 6 |  7- 9 || total
-------------------------+-------+-------+-------++-------
Melee: Unarmed           |    71 |    77 |    34 ||   182
Invok: Trog's Hand       |     1 |     1 |     1 ||     3
       Berserk           |     1 |     1 |       ||     2
  Eat: Chunk             |     6 |     8 |     2 ||    16
